 Dungeon Crawl Stone Soup version 0.29.1-4-g47bece8355 (webtiles) character file.

Game seed: 17026101562185364990

243 Jotpek the Covered (level 5, -1/47 HPs)
             Began as a Minotaur Fighter on Dec 11, 2022.
             Slain by Pikel
             ... wielding a +1 whip of freezing
              (4 damage)
             ... on level 3 of the Dungeon.
             The game lasted 00:18:38 (2874 turns).

Jotpek the Covered (Minotaur Fighter)               Turns: 2874, Time: 00:18:39

Health: -1/47      AC:  7    Str: 23    XL:     5   Next: 82%
Magic:  4/4        EV: 10    Int:  5    God:
Gold:   143        SH:  4    Dex:  9    Spells: 4/4 levels left

rFire   . . .      SeeInvis .   a - +0 flail
rCold   . . .      Faith    .   c - +0 buckler
rNeg    . . .      Spirit   .   b - +0 scale mail
rPois   .          Reflect  .   (helmet restricted)
rElec   .          Harm     .   (no cloak)
rCorr   .          Rampage  .   (no gloves)
Will    .....                   (no boots)
Stlth   ..........              (no amulet)
HPRegen 0.15/turn               (no ring)
MPRegen 0.09/turn               (no ring)

@: no status effects
A: horns 2, retaliatory headbutt
a: no special abilities


You were on level 3 of the Dungeon.
You visited 1 branch of the dungeon, and saw 4 of its levels.

You collected 143 gold pieces.

Inventory:

Hand Weapons
 a - a +0 flail (weapon)
 g - a +1 hand axe of venom
 j - a +0 club
 n - a +0 mace
Missiles
 i - 32 stones (quivered)
Armour
 b - a +0 scale mail (worn)
 c - a +0 buckler (worn)
Scrolls
 f - 5 scrolls of identify {unknown}
 h - 2 scrolls of noise {unknown}
 m - 2 scrolls of vulnerability {unknown}
 p - a scroll of poison {unknown}
 q - 4 scrolls of teleportation {unknown}
 r - a scroll of enchant weapon {unknown}
 s - a scroll of enchant armour {unknown}
 t - a scroll of amnesia {unknown}
Potions
 d - a potion of might
 e - a potion of cancellation {unknown}
 k - 2 potions of lignification {unknown}
 l - a potion of heal wounds {unknown}
 o - a potion of curing {unknown}


   Skills:
 + Level 4.3 Fighting
 + Level 4.8 Maces & Flails
 + Level 5.1 Armour
 + Level 1.7 Dodging
 + Level 0.1 Stealth
 + Level 4.5 Shields


You had 4 spell levels left.
You didn't know any spells.
Your spell library contained the following spells:

 Spells                   Type           Power      Damage    Failure   Level
 Tukima's Dance           Hex            0%         N/A       99%         3
 Passage of Golubria      Tloc           0%         N/A       100%        4
 Yara's Violent Unravell  Hex/Tmut       0%         3d3       100%        5


Dungeon Overview and Level Annotations

Branches:
Dungeon (4/15)
 Temple: D:4-7

Altars:
Cheibriados

Shops:
D:3 ?

Annotations:
D:3 Pikel


Innate Abilities, Weirdness & Mutations

You have a pair of horns on your head.
You reflexively headbutt those who attack you in melee.


Message History

You closely miss the lemure.
The lemure is moderately wounded.
The lemure hits you!
You hit the lemure. Your headbutt misses the lemure.
The lemure is heavily wounded.
The lemure barely misses you. You furiously retaliate!
You headbutt the lemure. You sock the lemure!
You kill the lemure!
That felt strangely unrewarding.
Pikel, Merchant of Souls comes into view.
He is wielding a +1 whip of freezing.
Things that are here:
a +0 sling; an adder corpse; a hobgoblin corpse Pikel says, "You'll feel the lick of my whip!"
Pikel waves his whip at you.
There is a stone staircase leading up here.
You barely miss Pikel.
Pikel hits you with a +1 whip of freezing.
Pikel freezes you. Pikel closely misses you.
You closely miss Pikel. Pikel barely misses you.
You barely miss Pikel. You block Pikel's attack.
You closely miss Pikel.
Pikel hits you with a +1 whip of freezing.
Pikel freezes you.
You closely miss Pikel. Your headbutt misses Pikel.
Pikel hits you with a +1 whip of freezing!
Pikel freezes you.
* * * LOW HITPOINT WARNING * * *
Pikel says, "You'll make a fine lemure."
Pikel hits you with a +1 whip of freezing!
* * * LOW HITPOINT WARNING * * *
Pikel freezes you.
* * * LOW HITPOINT WARNING * * *
There is a stone staircase leading up here.
Pikel completely misses you.
You climb upwards.
There is a stone staircase leading down here.
Pikel attacks as you move away! Pikel barely misses you.
Pikel attacks as you move away!
Pikel hits you with a +1 whip of freezing.
You die...

########## #......... #.###.....
###.# #.###. #...# #.#w#_ # ###
###.#.# #.#### #
#########.########).∩..###...#w
###.............@K...#.#.##....##
##...######.########.............
...†..## ### #>###.####.###
.......# #.# #......... ....†..#
#.# ######.### ##...#.#
#.########.### ###.##.#
####...##........ #
#.##.##########......##.##....#
###.##.##.........##...##.#.....#


You could see Pikel.

Vanquished Creatures
  A lemure (D:4)
  A phantom (D:3)
  Jessica (D:2)
  Ijyb (D:3)
  A gnoll (D:1)
  4 adders
  A worm (D:2)
  4 dart slugs
  An orc (D:3)
  2 endoplasms
  4 giant cockroaches
  2 goblins
  7 hobgoblins
  7 jackals
  A quokka (D:4)
  5 ball pythons
  6 bats
  2 frilled lizards (D:1)
  5 kobolds
  9 rats
65 creatures vanquished.

Notes
Turn   | Place    | Note
-------+----------+-------------------------------------------
     0 | D:1      | Jotpek the Minotaur Fighter began the quest for the Orb.
     0 | D:1      | Reached XP level 1. HP: 19/19 MP: 0/0
   174 | D:1      | Reached skill level 4 in Armour
   174 | D:1      | Reached XP level 2. HP: 9/27 MP: 1/1
   527 | D:1      | Reached XP level 3. HP: 26/33 MP: 2/2
   664 | D:1      | Found a faded altar of an unknown god.
  1226 | D:2      | Noticed Jessica
  1246 | D:2      | Killed Jessica
  1247 | D:2      | Reached XP level 4. HP: 40/40 MP: 3/3
  1283 | D:2      | Reached skill level 1 in Dodging
  1652 | D:3      | Noticed a phantom
  1663 | D:3      | Killed a phantom
  1664 | D:3      | Reached XP level 5. HP: 43/46 MP: 4/4
  1751 | D:3      | Noticed Ijyb
  1768 | D:3      | HP: 2/46 [Ijyb/+0 dagger (3)]
  1844 | D:3      | Killed Ijyb
  1845 | D:3      | Reached skill level 5 in Armour
  2235 | D:3      | Found Xoserag's Magic Scroll Emporium.
  2247 | D:3      | Found a snail-covered altar of Cheibriados.
  2247 | D:3      | Noticed a torpor snail
  2247 | D:3      | Noticed a torpor snail
  2249 | D:3      | Noticed a torpor snail
  2823 | D:4      | Noticed a lemure
  2832 | D:4      | Killed a lemure
  2838 | D:4      | Noticed Pikel
  2865 | D:4      | HP: 1/47 [Pikel/+1 whip of freezing (2)]
  2874 | D:3      | Slain by Pikel

Illustrated notes

Levels and vault maps discovered:
D:1:      dpeg_arrival_rooms_a, layout_rooms, shapermc_ecumenical_altar_pompeii
D:2:      layout_basic, nicolae_figureground_sparkle, uniq_jessica
D:3:      layout_loops_ring, cheibriados_altar_2, serial_shops,
          nicolae_shop_crystal, uniq_ijyb
D:4:      layout_loops_ring, elyvilon_altar_1, minitemple, serial_shops,
          nicolae_shop_stone, uniq_pikel

Skill      XL: |  1  2  3  4  5 |
---------------+----------------+-----
Armour         | 4 5 |  5.1
Fighting       | 4 |  4.3
Shields        | 4 |  4.5
Maces & Flails | 3 4 |  4.8
Dodging        | 1 |  1.7
Stealth        | |  0.1

Action                   |  1- 3 |  4- 6 || total
-------------------------+-------+-------++-------
Melee: Flail             |    78 |    85 ||   163
       Headbutt          |     6 |    13 ||    19
Armor: Scale mail        |    40 |    23 ||    63
Dodge: Dodged            |    38 |    49 ||    87
Block: Buckler           |    16 |    17 ||    33
